 Dungeon Crawl Stone Soup version 0.24-a0-809-g71cb82dfb8 (webtiles) character file.

Game seed: 4896067713951077258, levelgen mode: deterministic

166261 CryoSword the Warrior (level 17, -6/116 HPs)
             Began as a Gargoyle Earth Elementalist on Oct 10, 2019.
             Was the Champion of Dithmenos.
             Mangled by a wolf spider (18 damage)
             ... on level 3 of the Spider Nest on Oct 11, 2019.
             The game lasted 03:25:20 (37455 turns).

CryoSword the Warrior (GrEE)                       Turns: 37455, Time: 03:25:20

Health: -6/116     AC: 28    Str: 24    XL:     17   Next: 89%
Magic:  19/25      EV: 18    Int: 21    God:    Dithmenos [******]
Gold:   1136       SH:  0    Dex: 14    Spells: 4/26 levels left

rFire    + + +     SeeInvis +   a - +4 lajatang (vamp) {!w}
rCold    . . .     Gourm    .   (shield currently unavailable)
rNeg     + + .     Faith    .   s - +1 robe of Greed {rF+++ Str+9 Dex-2 Stlth-}
rPois    ∞         Spirit   .   U - +1 helmet
rElec    +         Reflect  .   W - +2 cloak {+Inv}
rCorr    .         Harm     .   H - +1 pair of gloves
MR       ++...     Clarity  +   N - +1 pair of boots Stlth ++++++....Rnd*Tele +
                                k - amulet of regeneration
HPRegen  0.69/turn              y - +3 ring of intelligence
MPRegen  0.19/turn              J - ring "Awnedat" {rF+ rN+ Dex+2 Stlth-}

@: flying, very slightly contaminated, wreathed by umbra
A: big wings, repulsion field 1, thin skeletal structure 1, see invisible,
clarity, magic resistance 1, negative energy resistance 1, shaggy fur 1,
electricity resistance, teleportitis 1, unbreathing, evolution 1, petrification
resistance, rot immunity, AC +12
a: Stop Flying, Shadow Step, Shadow Form, Renounce Religion, Evoke Invisibility


You were on level 3 of the Spider Nest.
You worshipped Dithmenos.
Dithmenos was exalted by your worship.
You were hungry.

You visited 5 branches of the dungeon, and saw 28 of its levels.
You also visited: Sewer.

You collected 2717 gold pieces.
You spent 1581 gold pieces at shops.

Inventory:

Hand Weapons
 a - a +4 vampiric lajatang (weapon) {!w}
   (You took it off Agnes on level 2 of the Spider Nest)
Missiles
 o - 127 stones
 O - 4 atropa-tipped darts
 P - 5 curare-tipped darts (quivered) {!f}
 X - 2 datura-tipped darts
Armour
 s - the +1 robe of Greed (worn) {rF+++ Str+9 Dex-2 Stlth-}
   (You found it on level 2 of the Lair of Beasts)

   It affects your strength (+9).
   It affects your dexterity (-2).
   It renders you almost immune to fire.
   It makes you less stealthy.
 H - a +1 pair of gloves (worn)
   (You found it on level 7 of the Dungeon)
 N - a +1 pair of boots (worn)
   (You bought it in a shop on level 9 of the Dungeon)
 T - a +0 shield of reflection
   (You took it off Donald on level 1 of the Spider Nest)
 U - a +1 helmet (worn)
   (You found it on level 12 of the Dungeon)
 W - a +2 cloak of invisibility (worn)
   (You bought it in a shop on level 12 of the Dungeon)
Magical Staves
 c - an uncursed staff of earth
   (You found it on level 15 of the Dungeon)
Jewellery
 k - an amulet of regeneration (around neck)
   (You found it on level 1 of the Dungeon)
 y - a +3 ring of intelligence (left hand)
   (You found it on level 4 of the Dungeon)
 I - an uncursed ring of protection from magic
   (You found it on level 8 of the Dungeon)
 J - the ring "Awnedat" (right hand) {rF+ rN+ Dex+2 Stlth-}
   (You found it on level 3 of the Lair of Beasts)

   [ring of protection from fire]

   It affects your dexterity (+2).
   It protects you from fire.
   It protects you from negative energy.
   It makes you less stealthy.
 K - a +3 ring of evasion
   (You found it on level 9 of the Dungeon)
Wands
 u - a wand of enslavement (11)
   (You found it on level 2 of the Lair of Beasts)
 w - a wand of acid (10)
   (You found it on level 3 of the Dungeon)
 D - a wand of iceblast (10)
   (You found it on level 3 of the Lair of Beasts)
 F - a wand of paralysis (19)
   (You found it on level 7 of the Dungeon)
 R - a wand of digging (5)
   (You found it on level 12 of the Dungeon)
 Y - a wand of disintegration (8)
   (You found it on level 2 of the Spider Nest)
Scrolls
 e - 6 scrolls of amnesia
 f - 11 scrolls of identify {@r1}
 h - 9 scrolls of remove curse {@r2}
 p - a scroll of holy word
 q - a scroll of magic mapping
 t - 2 scrolls of blinking
 z - 4 scrolls of fog
 A - 8 scrolls of teleportation {@r4}
 B - 6 scrolls of fear
Potions
 g - 2 potions of agility
 i - 12 potions of curing {@q1}
 n - 2 potions of cancellation
 r - 3 potions of berserk rage
 v - 6 potions of heal wounds {@q2}
 x - 5 potions of brilliance
 C - 6 potions of haste {@q3}
 E - a potion of invisibility
 G - a potion of magic
 M - 5 potions of ambrosia
 Q - 4 potions of might
 S - 5 potions of resistance
Miscellaneous
 l - a phantom mirror
Comestibles
 b - 4 chunks of flesh
 d - 34 rations {!d}


   Skills:
 + Level 16.6 Fighting
   Level 12.7(13.1) Maces & Flails
 * Level 5.9(10.2) Staves
 - Level 8.5 Armour
 - Level 7.3 Dodging
 - Level 11.8 Stealth
 - Level 9.8 Shields
 - Level 5.3 Spellcasting
 - Level 10.0 Conjurations
 - Level 3.0 Hexes
 - Level 3.0 Transmutations
 - Level 11.8 Earth Magic
 - Level 5.6 Invocations
 - Level 5.4 Evocations


You had 4 spell levels left.
You knew the following spells:

 Your Spells              Type           Power        Failure   Level  Hunger
a - Sandblast             Erth           ######       1%          1    None
b - Stone Arrow           Conj/Erth      ######       1%          3    ##.....
c - Iron Shot             Conj/Erth      ######....   19%         6    #######
d - Lee's Rapid Deconstr  Erth           ######....   2%          5    #####..
e - Petrify               Tmut/Erth      #####...     4%          4    ####...
f - Confusing Touch       Hex            ###...       3%          1    None
g - Passwall              Tmut/Erth      #####...     1%          2    None

Your spell library contained the following spells:

 Spells                   Type           Power        Failure   Level  Hunger
 Shock                    Conj/Air       ####         1%          1    None
 Sting                    Conj/Pois      ####         1%          1    None
 Throw Frost              Conj/Ice       ####..       1%          2    None
 Dazzling Spray           Conj/Hex       ####..       2%          3    ##.....
 Corona                   Hex            ###....      3%          1    None
 Leda's Liquefaction      Hex/Erth       #####.....   4%          4    ####...
 Ensorcelled Hibernation  Hex/Ice        ##....       9%          2    None
 Confuse                  Hex            ###.....     9%          3    ##.....
 Tukima's Dance           Hex            ###.....     9%          3    ##.....
 Freeze                   Ice            #...         11%         1    None
 Summon Small Mammal      Summ           #...         11%         1    None
 Throw Icicle             Conj/Ice       ####....     13%         4    ####...
 Call Imp                 Summ           #.......     16%         2    None
 Summon Guardian Golem    Hex/Summ       ##......     17%         3    ##.....
 Call Canine Familiar     Summ           #.......     30%         3    ##.....
 Gell's Gravitas          Tloc           #.........   30%         3    ##.....
 Ozocubu's Armour         Chrm/Ice       #.......     30%         3    ##.....
 Summon Ice Beast         Ice/Summ       #.......     71%         4    ####...
 Summon Lightning Spire   Summ/Air       #.......     71%         4    ####...
 Bolt of Magma            Conj/Fire/Erth #####.....   14%         5    #####..
 Yara's Violent Unravell  Hex/Tmut       ###.......   63%         5    #####..
 Metabolic Englaciation   Hex/Ice        ##........   83%         5    #####..
 Conjure Ball Lightning   Conj/Air       ####......   90%         6    #######
 Freezing Cloud           Conj/Ice/Air   ###.......   99%         6    #######
 Deflect Missiles         Chrm/Air       #.........   100%        6    #######
 Shatter                  Erth           ######....   100%        9    #######
 Statue Form              Tmut/Erth      Unusable     N/A         6    N/A

Dungeon Overview and Level Annotations

Branches:
Dungeon (15/15)            Temple (1/1) D:6            Lair (6/6) D:10
 Shoals (0/4) Lair:2       Spider (4/4) Lair:4        Slime (0/5) Lair:5
    Orc (2/2) D:9             Elf (0/3) Orc:2        Vaults (0/5) D:13
 Depths (0/5) D:15          Sewer (visited)

Altars:
Ashenzari
Cheibriados
Dithmenos
Elyvilon
Fedhas
Gozag
Hepliaklqana
Kikubaaqudgha
Makhleb
Nemelex Xobeh
Okawaru
Qazlal
Ru
Sif Muna
Trog
Uskayaw
Vehumet
Wu Jian
Xom
Yredelemnul
Zin
The Shining One
Beogh

Shops:
D:7 ?   D:9 [   D:12 ![   Orc:2 :=([

Portals:
Hell: Lair:6

Annotations:
Lair:4 exclusion: 2 oklob plants
Lair:5 ! Dire Eleph


Innate Abilities, Weirdness & Mutations

You are resistant to torment.
Your stone body is resilient. (AC +12)
You are immune to poison.
Your large and strong wings let you fly indefinitely.
You resist negative energy. (rN+)
You are resistant to electric shocks. (rElec)
You can survive without breathing.
You are immune to petrification.
You are immune to rotting.
You are surrounded by a mild repulsion field. (EV +2)
You have a somewhat thin skeletal structure. (Dex +2, Stealth)
You have supernaturally acute eyesight. (SInv)
You possess an exceptional clarity of mind.
You are resistant to hostile enchantments. (MR+)
You are covered in fur. (AC +1)
You are occasionally teleported next to monsters.
You evolve.


Message History

Nothing appears to happen.
You are feeling hungry.
You slash the jumping spider!
The jumping spider is lightly wounded.
The jumping spider completely misses you.
The jumping spider closely misses you. The wolf spider hits you!
You emit a cloud of dark smoke.
The wolf spider bites you but does no damage.
The redback barely misses you. The jumping spider pounces on you.
The jumping spider misses you.
The moth of wrath goads the redback on!
The redback goes berserk!
The wolf spider misses you. x2
The jumping spider barely misses you.
The jumping spider bites you but does no damage.
The redback bites you but does no damage.
There is a stone staircase leading up here.
You barely miss the jumping spider.
The jumping spider is lightly wounded.
The jumping spider pounces on you but does no damage.
The jumping spider bites you but does no damage.
The redback bites you!
The jumping spider pounces on you but does no damage.
The jumping spider bites you but does no damage.
You slash the jumping spider!
You feel better.
The jumping spider is moderately wounded.
The jumping spider barely misses you. The jumping spider closely misses you.
The wolf spider hits you!! The wolf spider barely misses you.
The jumping spider misses you. x2; The wolf spider barely misses you.
The wolf spider bites you but does no damage.
You slice the jumping spider!!
You feel better.
The jumping spider is almost dead.
The wolf spider hits you! The wolf spider completely misses you.
The jumping spider misses you. x2; The wolf spider hits you!
The wolf spider bites you but does no damage.
The jumping spider pounces on you but does no damage.
The jumping spider bites you but does no damage.
You hit the jumping spider but do no damage.
The jumping spider is almost dead.
The wolf spider closely misses you. The wolf spider barely misses you.
The jumping spider closely misses you. x2; The wolf spider hits you.
The wolf spider bites you but does no damage.
The jumping spider closely misses you. The jumping spider misses you.
The wolf spider hits you.
The wolf spider bites you but does no damage.
The jumping spider misses you.
The jumping spider bites you but does no damage.
The wolf spider closely misses you. The wolf spider completely misses you.
The jumping spider closely misses you. The jumping spider bites you.
The wolf spider hits you. The wolf spider bites you.
You fly upwards.
There is a stone staircase leading down here.
You are too injured to fight recklessly!
You are too injured to fight recklessly!
You slash the jumping spider!
You kill the jumping spider!
Dithmenos accepts your kill. The wolf spider closely misses you.
The wolf spider bites you but does no damage.
You closely miss the wolf spider.
Your shadow hits the wolf spider with a lajatang.
The wolf spider hits you!
* * * LOW HITPOINT WARNING * * *
The wolf spider misses you. The wolf spider hits you!
* * * LOW HITPOINT WARNING * * *
The wolf spider completely misses you.
You slice the wolf spider!!
You feel better.
The wolf spider is moderately wounded.
The wolf spider hits you but does no damage.
The wolf spider bites you.
* * * LOW HITPOINT WARNING * * *
The wolf spider barely misses you.
The wolf spider bites you but does no damage.
The wolf spider hits you!
* * * LOW HITPOINT WARNING * * *
You emit a cloud of dark smoke.
The wolf spider barely misses you.
You slash the wolf spider!
The wolf spider is moderately wounded.
Your shadow hits the wolf spider with a lajatang.
The wolf spider hits you!
* * * LOW HITPOINT WARNING * * *
The wolf spider closely misses you. The wolf spider misses you.
The wolf spider closely misses you. The wolf spider completely misses you.
The wolf spider misses you. The wolf spider misses you. x2
The wolf spider barely misses you.
The wolf spider bites you but does no damage.
The wolf spider closely misses you.
The wolf spider bites you but does no damage.
The wolf spider barely misses you. The wolf spider closely misses you.
The wolf spider hits you!
* * * LOW HITPOINT WARNING * * *
The wolf spider misses you.
Casting: Iron Shot (quite dangerous; 19% risk of failure)
Confirm with . or Enter, or press ? or * to list all spells.
Aiming: Petrify (safe; 4% risk of failure)
Press: ? - help, Shift-Dir - straight line, f - wolf spider
Aim: a wolf spider (moderately wounded, berserk, fast, unusually strong, umbra, chance to defeat MR: 64%)
The wolf spider is moving more slowly.
The wolf spider closely misses you. The wolf spider misses you.
The wolf spider hits you!!
You die...

#........................
#.................^......
#........................
######..#....^..............
##.###....#............^..^..
#.......§§§#.#.....^....^...^
##....§§§§§§..................
#.....§§§§§.......^...........
###..^.§§§§§.s@................
#......§§§§§§.§................
#..........§..§.......^........
###^...........................
##......^^...................
##..#.......................
###........................
##....^.^................
##........................


You could see a wolf spider (berserk).

Vanquished Creatures
  Arachne (Spider:2)
  A storm dragon (D:14)
  Donald (Spider:1)
  Agnes (Spider:2)
  Aizul (Spider:2)
  An orc warlord (D:9)
  4 emperor scorpions
  A war gargoyle (D:14)
  5 entropy weavers
  A very ugly thing (D:14)
  The ghost of Raghazun the Unseen, a journeyman NaEn of Dithmenos (Lair:4)
  A crystal guardian (D:14)
  A spark wasp (Spider:4)
  A great orb of eyes (D:14)
  A yaktaur captain (D:14)
  A deep elf high priest (D:14)
  5 ogre magi
  11 hydras
  A rakshasa (D:15)
  Fannar (Lair:2)
  The ghost of Zuidue the Carver, a journeyman DsAK of Lugonu (Lair:3)
  A centaur warrior (D:13)
  2 dancing weapons
  8 death yaks
  16 two-headed ogres
  4 tengu warriors
  A deep troll earth mage (D:14)
  2 deep elf knights (D:14)
  A sun demon (Lair:6)
  2 skeletal warriors (D:15)
  6 unseen horrors
  A golden dragon zombie (D:15)
  A flayed ghost (D:14)
  2 deep trolls
  A wizard (Lair:6)
  A lindwurm (Lair:6)
  3 orc knights
  Pikel (D:4)
  3 orc sorcerers
  2 phantasmal warriors
  A necromancer (D:14)
  10 orb spiders
  31 wolf spiders
  10 ugly things
  3 deep elf magi
  5 cyclopes
  2 moths of wrath (Spider:3)
  A frost giant skeleton (D:15)
  A spriggan zombie (D:15)
  A manticore (D:13)
  3 centaur zombies
  11 elephants
  7 black mambas
  An orange demon (Lair:6)
  8 spiny frogs
  5 torpor snails
  4 rime drakes
  An efreet (D:14)
  14 demonic crawlers
  2 red devils (Lair:6)
  6 komodo dragons
  3 ice devils (Lair:6)
  2 tengu conjurers
  A hellwing (Lair:6)
  2 queen bees
  24 jumping spiders
  15 trolls
  9 hornets
  5 blink frogs
  5 slime creatures
  A hippogriff (shapeshifter) (D:14)
  6 dream sheep (Lair:6)
  17 hippogriffs
  Sigmund (D:2)
  29 tarantellas
  65 redbacks
  2 vampires (D:15)
  An ettin skeleton (D:15)
  3 shadows
  A spriggan (Lair:2)
  A human (D:10)
  37 yaks
  A water elemental (D:14)
  A hog (shapeshifter) (D:14)
  3 wyverns
  2 basilisks
  2 hungry ghosts
  5 vampire mosquitoes (D:14)
  3 wargs
  12 water moccasins
  3 hell hounds (Lair:6)
  9 porcupines
  27 orc warriors
  2 ice beasts (D:8)
  2 slaves (D:4)
  A black bear (D:10)
  4 sky beasts
  30 ogres
  3 phantoms
  7 necrophages
  7 centaurs
  4 wolves
  16 crocodiles
  4 big kobolds
  A wyvern zombie (D:7)
  14 bullfrogs
  A gnoll sergeant (D:9)
  4 scorpions
  5 jellies
  8 wights
  90 killer bees
  2 howler monkeys
  8 electric eels
  2 bullfrog zombies (D:11)
  3 crimson imps
  2 quasits
  6 hounds
  16 orc wizards
  15 orc priests
  A bullfrog skeleton (D:12)
  4 centaur skeletons
  Terence (D:2)
  6 hell rats (Lair:6)
  6 iguanas
  3 worker ants
  A hound zombie (D:10)
  14 adders
  12 gnolls
  4 shadow imps
  An adder zombie (D:3)
  2 adder skeletons
  4 worms (Spider:2)
  3 dart slugs (D:1)
  5 leopard geckos
  85 orcs
  14 bats
  5 giant cockroaches
  6 goblins
  9 hobgoblins
  8 jackals
  27 kobolds
  4 quokkas
  4 ball pythons
  4 frilled lizards
  2 leopard gecko skeletons
  13 rats
  A plant (Lair:1)
1031 creatures vanquished.

Vanquished Creatures (others)
  A ghost moth (Spider:4)
  A cyclops (D:15)
  A jumping spider (Spider:2)
  A hound (D:5)
  An orc (Orc:2)
  24 fungi
  9 plants
  9 withered plants (D:15)
47 creatures vanquished.

Grand Total: 1078 creatures vanquished

Notes
Turn   | Place    | Note
-------+----------+-------------------------------------------
     0 | D:1      | CryoSword the Gargoyle Earth Elementalist began the quest
                  | for the Orb.
     0 | D:1      | Reached XP level 1. HP: 10/10 MP: 3/3
   518 | D:1      | Reached XP level 2. HP: 15/16 MP: 3/5
  1336 | D:1      | Learned a level 2 spell: Passwall
  1533 | D:1      | Reached skill level 1 in Fighting
  1533 | D:1      | Reached XP level 3. HP: 20/20 MP: 3/6
  1698 | D:2      | Noticed Sigmund
  1706 | D:2      | Killed Sigmund
  1706 | D:2      | Reached skill level 2 in Fighting
  1706 | D:2      | Reached skill level 5 in Earth Magic
  1706 | D:2      | Reached XP level 4. HP: 26/26 MP: 2/8
  1706 | D:2      | Reached XP level 5. HP: 30/30 MP: 2/9
  1711 | D:2      | Learned a level 3 spell: Stone Arrow
  1851 | D:2      | Noticed Terence
  1860 | D:2      | Killed Terence
  1860 | D:2      | Reached XP level 6. HP: 26/36 MP: 3/10
  2725 | D:3      | Reached skill level 1 in Conjurations
  2991 | D:3      | Found a faded altar of an unknown god.
  3551 | D:4      | Reached skill level 3 in Fighting
  3551 | D:4      | Reached XP level 7. HP: 40/41 MP: 5/11
  3568 | D:4      | Found a sparkling altar of Nemelex Xobeh.
  3697 | D:4      | Found a glowing drain.
  3702 | Sewer    | Entered a sewer
  4093 | D:4      | Reached skill level 5 in Stealth
  4152 | D:4      | Reached skill level 4 in Fighting
  4428 | D:4      | Found a hide-covered altar of Uskayaw.
  4428 | D:4      | Found a hazy altar of Hepliaklqana.
  4460 | D:5      | Entered Level 5 of the Dungeon
  4514 | D:5      | Reached XP level 8. HP: 46/48 MP: 4/12
  4584 | D:5      | Noticed Pikel
  4661 | D:4      | Killed Pikel
  4661 | D:4      | Reached skill level 6 in Fighting
  5271 | D:6      | Found a staircase to the Ecumenical Temple.
  5280 | Temple   | Entered the Ecumenical Temple
  5369 | Temple   | Became a worshipper of Dithmenos the Shadowed
  5998 | D:7      | Reached XP level 9. HP: 56/56 MP: 3/13
  6137 | D:7      | Reached skill level 7 in Fighting
  6290 | D:7      | Found Kito's Magic Scroll Shop.
  6305 | D:7      | Bought a scroll of teleportation for 45 gold pieces
  6647 | D:7      | Reached skill level 8 in Fighting
  6740 | D:7      | Reached * piety under Dithmenos
  7411 | D:8      | Reached skill level 9 in Fighting
  7486 | D:8      | Reached ** piety under Dithmenos
  7545 | D:8      | Found a shattered altar of Ashenzari.
  7561 | D:8      | Found a roughly hewn altar of Beogh.
  7713 | D:8      | Reached XP level 10. HP: 51/66 MP: 10/14
  8100 | D:9      | Reached skill level 5 in Dodging
  8184 | D:9      | Noticed a two-headed ogre
  8449 | D:9      | Killed a two-headed ogre
  8449 | D:9      | Reached skill level 10 in Fighting
  8578 | D:9      | Found a burning altar of Makhleb.
  8578 | D:9      | Noticed a balrug
  8627 | D:9      | Found Xipethrudu's Armour Boutique.
  8844 | D:9      | Found a staircase to the Orcish Mines.
  8857 | D:9      | Reached skill level 1 in Maces & Flails
  8881 | D:9      | Bought a +0 pair of boots for 58 gold pieces
  8982 | D:9      | Found a blossoming altar of Fedhas.
  9039 | D:10     | Entered Level 10 of the Dungeon
  9094 | D:10     | Reached *** piety under Dithmenos
  9253 | D:10     | Reached skill level 1 in Armour
 10324 | D:10     | Reached XP level 11. HP: 62/73 MP: 15/15
 10468 | D:11     | Noticed a red ugly thing
 10582 | D:11     | Noticed a brown ugly thing
 10599 | D:10     | Reached skill level 11 in Fighting
 10736 | D:10     | Found a staircase to the Lair.
 10838 | D:10     | Killed a brown ugly thing
 11113 | D:9      | Bought a +1 scale mail of fire resistance for 208 gold
                  | pieces
 11238 | D:10     | Killed a red ugly thing
 11371 | D:11     | Reached **** piety under Dithmenos
 11380 | D:11     | Reached skill level 1 in Shields
 12100 | D:11     | Learned a level 5 spell: Lee's Rapid Deconstruction
 12105 | D:11     | Learned a level 4 spell: Petrify
 12186 | D:12     | Noticed a cyclops
 12193 | D:12     | Killed a cyclops
 12193 | D:12     | Reached skill level 1 in Transmutations
 12233 | D:12     | Found Uwniexoy's Distillery.
 12383 | D:12     | Killed an unseen horror
 12400 | D:12     | Noticed a two-headed ogre
 12432 | D:12     | Killed a two-headed ogre
 12432 | D:12     | Reached skill level 10 in Stealth
 12830 | D:12     | Found Xacueg's Antique Armour Shoppe.
 12851 | D:12     | Bought a glowing cloak for 217 gold pieces
 13011 | Lair:1   | Entered Level 1 of the Lair of Beasts
 13074 | Lair:1   | Noticed a five-headed hydra
 13104 | D:10     | Killed a five-headed hydra
 13104 | D:10     | Reached skill level 5 in Armour
 13104 | D:10     | Reached XP level 12. HP: 53/81 MP: 16/16
 13212 | Lair:1   | Reached skill level 12 in Fighting
 13430 | Lair:1   | Noticed an eight-headed hydra
 13439 | Lair:1   | Killed an eight-headed hydra
 13490 | Lair:1   | Reached ***** piety under Dithmenos
 13529 | Lair:1   | Learned a level 1 spell: Confusing Touch
 13556 | Lair:1   | Got a slimy copper ring
 13964 | Lair:2   | Found a staircase to the Shoals.
 14038 | Lair:2   | Reached skill level 5 in Maces & Flails
 14359 | Lair:2   | Reached skill level 1 in Hexes
 14618 | Lair:2   | Noticed an eight-headed hydra
 14621 | Lair:2   | Noticed a five-headed hydra
 14642 | Lair:1   | Killed an eight-headed hydra
 14801 | Lair:2   | Killed a five-headed hydra
 14810 | Lair:2   | Reached XP level 13. HP: 87/87 MP: 7/18
 15625 | Lair:2   | Identified the ring "Kashryog" {*Slow Str+3 Dex+6} (You
                  | found it on level 1 of the Lair of Beasts)
 15634 | Lair:2   | Identified 2 scrolls of acquirement
 15680 | Lair:2   | Got a colourful robe
 15681 | Lair:2   | Identified the +1 robe of Greed {rF+++ Str+9 Dex-2 Stlth-}
                  | (You found it on level 2 of the Lair of Beasts)
 16150 | Lair:3   | Noticed Fannar
 16332 | D:9      | Bought a +2 scale mail of cold resistance for 273 gold
                  | pieces
 16492 | Lair:3   | Found a transporter.
 16492 | Lair:3   | Found a transporter.
 16493 | Lair:3   | Noticed Zuidue's ghost (journeyman DsAK)
 16740 | Lair:2   | Killed Fannar
 17546 | Lair:3   | Killed Zuidue's ghost
 17598 | Lair:3   | Got a flickering marble ring
 17610 | Lair:3   | Identified the ring "Awnedat" {rF+ rN+ Dex+2 Stlth-} (You
                  | found it on level 3 of the Lair of Beasts)
 17639 | Lair:4   | Reached skill level 13 in Fighting
 18108 | Lair:4   | Found a hole to the Spider Nest.
 18150 | Lair:4   | Found a runed translucent door.
 18151 | Lair:4   | Noticed Raghazun's ghost (journeyman NaEn)
 18241 | Lair:4   | Killed Raghazun's ghost
 18241 | Lair:4   | Reached skill level 5 in Shields
 18276 | Lair:5   | Found a staircase to the Slime Pits.
 18365 | Lair:5   | Gained mutation: You occasionally shout uncontrollably at
                  | your foes. [potion of mutation]
 18365 | Lair:5   | Gained mutation: You are frail. (-10% HP) [potion of
                  | mutation]
 18365 | Lair:5   | Gained mutation: You possess an exceptional clarity of
                  | mind. [potion of mutation]
 18366 | Lair:5   | Lost mutation: You are frail. (-10% HP) [potion of
                  | mutation]
 18366 | Lair:5   | Lost mutation: You occasionally shout uncontrollably at
                  | your foes. [potion of mutation]
 18366 | Lair:5   | Gained mutation: You are occasionally teleported next to
                  | monsters. [potion of mutation]
 18366 | Lair:5   | Gained mutation: You are frail. (-10% HP) [potion of
                  | mutation]
 18366 | Lair:5   | Gained mutation: You evolve. [potion of mutation]
 18366 | Lair:5   | Gained mutation: Your spells are a little harder to cast,
                  | but a little more powerful. [potion of mutation]
 18367 | Lair:5   | Lost mutation: You are frail. (-10% HP) [potion of
                  | mutation]
 18367 | Lair:5   | Lost mutation: Your spells are a little harder to cast, but
                  | a little more powerful. [potion of mutation]
 18367 | Lair:5   | Gained mutation: Your muscles are strong. (Str +2) [potion
                  | of mutation]
 18368 | Lair:5   | Lost mutation: Your muscles are strong. (Str +2) [potion of
                  | mutation]
 18368 | Lair:5   | Gained mutation: You are weak. (Str -2) [potion of
                  | mutation]
 18368 | Lair:5   | Gained mutation: You expend magic power (3 MP) to
                  | strengthen your wands. [potion of mutation]
 18369 | Lair:5   | Lost mutation: You are weak. (Str -2) [potion of mutation]
 18369 | Lair:5   | Lost mutation: You expend magic power (3 MP) to strengthen
                  | your wands. [potion of mutation]
 18369 | Lair:5   | Gained mutation: You have a somewhat thin skeletal
                  | structure. (Dex +2, Stealth) [potion of mutation]
 18369 | Lair:5   | Gained mutation: Your body sometimes deteriorates upon
                  | taking damage. [potion of mutation]
 18369 | Lair:5   | Gained mutation: You are surrounded by a mild repulsion
                  | field. (EV +2) [potion of mutation]
 18501 | Lair:5   | Reached skill level 1 in Evocations
 18512 | Lair:5   | Reached skill level 1 in Invocations
 18663 | Lair:5   | Reached ****** piety under Dithmenos
 18793 | Lair:5   | Found a snail-covered altar of Cheibriados.
 19164 | Lair:6   | Entered Level 6 of the Lair of Beasts
 19189 | Lair:5   | Gained mutation: Your large and strong wings let you fly
                  | indefinitely. [Gargoyle growth]
 19189 | Lair:5   | Reached XP level 14. HP: 87/94 MP: 16/21
 19653 | Lair:5   | Reached skill level 5 in Spellcasting
 20435 | Lair:6   | Reached skill level 10 in Earth Magic
 20448 | Lair:6   | Noticed a dire elephant
 21167 | Lair:6   | Reached skill level 14 in Fighting
 21729 | Lair:6   | Found a burning altar of Makhleb.
 22020 | Lair:6   | Found a gateway to Hell.
 22723 | D:13     | Found a gate to the Vaults.
 23217 | D:13     | Reached XP level 15. HP: 85/101 MP: 7/22
 23348 | D:13     | Reached skill level 5 in Evocations
 24723 | D:14     | Upgraded the game from 0.24-a0-789-g35933f4585 to
                  | 0.24-a0-809-g71cb82dfb8
 24838 | D:14     | Gained mutation: You have supernaturally acute eyesight.
                  | (SInv) [evolution]
 24937 | D:14     | Reached skill level 5 in Invocations
 25514 | D:14     | Reached skill level 5 in Conjurations
 25631 | D:14     | Noticed a storm dragon
 25661 | D:14     | Killed a storm dragon
 25863 | D:14     | Reached skill level 10 in Maces & Flails
 25869 | D:14     | Identified Sif Muna's Catalogue of Toxic Flight
 26037 | D:15     | Entered Level 15 of the Dungeon
 26806 | D:15     | Paralysed by an ogre mage for 4 turns
 26975 | D:15     | Found a staircase to the Depths.
 27074 | D:14     | Lost mutation: Your body sometimes deteriorates upon taking
                  | damage. [evolution]
 27161 | Orc:1    | Entered Level 1 of the Orcish Mines
 27428 | Orc:1    | Noticed an orc warlord
 27599 | D:9      | Killed an orc warlord
 27599 | D:9      | Reached XP level 16. HP: 65/107 MP: 14/23
 28077 | Orc:2    | Entered Level 2 of the Orcish Mines
 28206 | Orc:2    | Reached skill level 15 in Fighting
 28220 | Orc:2    | Found Zifuneu's Book Shoppe.
 28221 | Orc:2    | Found Puser's Jewellery Shop.
 28221 | Orc:2    | Found a staircase to the Elven Halls.
 28225 | Orc:2    | Found a roughly hewn altar of Beogh.
 28385 | Orc:2    | Found Fyantix's Weapon Emporium.
 28632 | Orc:2    | Paralysed by an ogre mage for 3 turns
 29679 | Orc:2    | Found Voeter's Antique Armour Emporium.
 29698 | Orc:2    | Bought a book of the Earth for 780 gold pieces
 29705 | Orc:2    | Learned a level 6 spell: Iron Shot
 30172 | Orc:1    | Found a roughly hewn altar of Beogh.
 30865 | D:15     | Gained mutation: You are resistant to hostile enchantments.
                  | (MR+) [evolution]
 31467 | Spider:1 | Entered Level 1 of the Spider Nest
 31938 | Spider:1 | Noticed Donald
 32179 | Spider:1 | Killed Donald
 32431 | Spider:2 | Noticed Aizul
 32453 | Spider:2 | Killed Aizul
 32574 | Spider:2 | Noticed Agnes
 32575 | Spider:2 | Noticed Arachne
 32632 | Spider:2 | Reached XP level 17. HP: 102/115 MP: 24/24
 33327 | Spider:2 | Reached skill level 16 in Fighting
 33836 | Spider:2 | Killed Arachne
 33851 | Spider:2 | Reached skill level 10 in Conjurations
 33925 | Spider:2 | Killed Agnes
 34314 | Spider:3 | Reached skill level 1 in Staves
 35749 | Spider:4 | Entered Level 4 of the Spider Nest
 35873 | Spider:3 | Gained mutation: You are covered in fur. (AC +1)
                  | [evolution]
 36747 | Spider:4 | Reached skill level 5 in Staves
 37455 | Spider:3 | Mangled by a wolf spider

Levels and vault maps discovered:
D:1:      roderic_crossed_star, layout_basic
D:2:      layout_loops_corners, uniq_terence, uniq_sigmund
D:3:      layout_basic, chequers_ecumenical_altar_island, first_ration
D:4:      layout_rooms, gammafunk_temple_overflow_elements,
          nemelex_altar_shiori, portal_sewer_entry_e
D:5:      layout_cave_pools, uniq_pikel
D:6:      layout_basic, minmay_temple_entry_grid
D:7:      layout_basic, serial_shops, nicolae_shop_behind_doors
D:8:      layout_cave_pods, kennysheep_mini, special_room [special_room_orc]
D:9:      layout_cross, kennysheep_mini_moat, makhleb_altar_promises_db,
          orc_david_3
D:10:     layout_basic, grunt_lair_entry_orc_guard_hut, grunt_pizzeria
D:11:     layout_cave_pools
D:12:     layout_roguey, serial_shops, shop, shop_statue, chequers_arboretum
D:13:     layout_rooms, erik_vaults_1
D:14:     minmay_tearing_corner, layout_basic
D:15:     gammafunk_depths_entry_grave, layout_cave_pools, minivault_4,
          hangedman_batty
Temple:   nicolae_temple_elliptical
Lair:1:   layout_loops_ring, grunt_megastairs_3, serial_bayou_shore_a
Lair:2:   wad_woods_minihive, layout_regular_city, minmay_shoals_entry_centaurs,
          grunt_forest_large_clearing_hut, lemuel_fruit_fields
Lair:3:   layout_layer_cave, gammafunk_ghost_hive, minivault_27,
          roderic_carrion_pond, uniq_fannar
Lair:4:   layout_misc_corridors, spider_nest_entry_a, gammafunk_ghost_grave,
          minmay_lair_oklob_chamber
Lair:5:   layout_roguey, minmay_slime_entry_pillars, kennysheep_snail_temple
Lair:6:   evil_forest, layout_regular_city, bh_autumn_forest_stairs
Spider:1: layout_spider_delve, uniq_donald
Spider:2: layout_spider_delve, hive_lemuel, uniq_arachne, uniq_agnes, uniq_aizul
Spider:3: layout_spider_delve
Spider:4: grunt_spider_rune_parallel, special_room, uniq_asterion
Orc:1:    layout_caves, basic_altar
Orc:2:    st_orc_open, layout_caves, basic_altar

Skill      XL: |  1  2  3  4  5  6  7  8  9 10 11 12 13 14 15 16 17 |
---------------+----------------------------------------------------+-----
Earth Magic    | 4 5 6 7 8 9 10 11 | 11.8
Fighting       | 1 2 3 4 6 9 10 11 12 13 14 15 16 | 16.6
Stealth        | 3 4 5 6 8 9 10 11 | 11.8
Spellcasting   | 3 4 5 |  5.3
Conjurations   | 2 4 6 9 10 | 10.0
Dodging        | 2 3 4 5 6 7 |  7.3
Maces & Flails | 2 4 5 7 9 10 12 | 12.7
Armour         | 3 5 6 7 8 |  8.5
Shields        | 4 5 6 7 8 9 |  9.8
Transmutations | 2 3 |  3.0
Hexes          | 1 3 |  3.0
Evocations     | 1 4 5 |  5.4
Invocations    | 1 4 5 |  5.6
Staves         | 5 |  5.9

Action                   |  1- 3 |  4- 6 |  7- 9 | 10-12 | 13-15 | 16-18 || total
-------------------------+-------+-------+-------+-------+-------+-------++-------
Melee: Unarmed           |    11 |       |       |       |       |       ||    11
       Dagger            |    44 |    86 |   314 |   430 |       |       ||   874
       Dire flail        |       |       |       |   366 |     8 |       ||   374
       Eveningstar       |       |       |       |       |  1006 |   444 ||  1450
       Staff             |       |       |       |       |    11 |    73 ||    84
       Lajatang          |       |       |       |       |       |   147 ||   147
Throw: Dart              |       |       |    10 |    31 |    59 |    10 ||   110
       Stone             |       |       |       |       |       |     3 ||     3
 Cast: Sandblast         |    31 |    43 |    70 |   126 |   137 |   267 ||   674
       Stone Arrow       |       |     7 |    16 |    60 |   173 |   175 ||   431
       Confusing Touch   |       |       |       |     1 |       |     1 ||     2
       Lee's Rapid Decon |       |       |       |       |     6 |       ||     6
       Passwall          |       |       |       |       |       |     4 ||     4
       Iron Shot         |       |       |       |       |       |    12 ||    12
       Petrify           |       |       |       |       |       |     1 ||     1
Invok: Shadow Step       |       |       |       |       |     2 |     4 ||     6
 Abil: Fly               |       |       |       |       |     1 |       ||     1
Evoke: Wand              |       |       |       |       |     4 |     1 ||     5
       Sack of spiders   |       |       |       |       |     1 |       ||     1
  Use: Scroll            |       |     6 |     3 |    20 |    23 |     6 ||    58
       Potion            |       |       |       |     6 |     5 |       ||    11
 Stab: Sleeping          |     2 |     8 |    10 |    20 |    23 |    11 ||    74
       Distracted        |       |       |     2 |       |       |     2 ||     4
       Held in net/web   |       |       |       |       |       |     1 ||     1
  Eat: Chunk             |     3 |     6 |    12 |    31 |    33 |    26 ||   111
       Ration            |       |       |     1 |       |     6 |     6 ||    13
Armor: Robe              |    14 |    48 |   144 |    63 |   260 |   740 ||  1269
       Scale mail        |       |       |       |   114 |       |       ||   114
       Troll leather arm |       |       |       |   397 |   213 |       ||   610
Dodge: Dodged            |    38 |    81 |   262 |  1631 |  1295 |  1582 ||  4889
Block: Buckler           |       |       |       |    50 |   389 |   600 ||  1039
       Reflection        |       |       |       |       |     5 |     3 ||     8

Table legend:
 A = Non-vault XP
 B = Vault XP
 C = Vault XP percentage of total XP
 D = Non-vault monster count
 E = Vault monster count
 F = Vault count percentage of total count
                 A         B        C        D         E       F
            +---------+---------+-------+---------+---------+-------
      Total |  155221 |   82295 |  34.6 |     735 |     297 |  28.8
            +---------+---------+-------+---------+---------+-------
        D:1 |      42 |       0 |   0.0 |      21 |       0 |   0.0
        D:2 |      59 |     267 |  81.9 |      15 |       2 |  11.8
        D:3 |      75 |       0 |   0.0 |      21 |       0 |   0.0
        D:4 |     453 |     641 |  58.6 |      27 |       1 |   3.6
        D:5 |     257 |       0 |   0.0 |       7 |       0 |   0.0
        D:6 |     312 |       0 |   0.0 |       4 |       0 |   0.0
        D:7 |    1312 |       0 |   0.0 |      28 |       0 |   0.0
        D:8 |    1156 |     522 |  31.1 |      18 |      27 |  60.0
        D:9 |    3840 |     152 |   3.8 |      29 |       6 |  17.1
       D:10 |    4417 |     897 |  16.9 |      32 |       7 |  17.9
       D:11 |    1700 |     841 |  33.1 |      32 |       1 |   3.0
       D:12 |    6022 |     783 |  11.5 |      31 |       1 |   3.1
       D:13 |    7675 |       0 |   0.0 |      33 |       0 |   0.0
       D:14 |    7747 |   17792 |  69.7 |      28 |      24 |  46.2
       D:15 |   13108 |    6407 |  32.8 |      31 |      20 |  39.2
     Lair:1 |    4943 |    3513 |  41.5 |      20 |      29 |  59.2
     Lair:2 |    3927 |    3436 |  46.7 |      15 |      32 |  68.1
     Lair:3 |    4173 |    2487 |  37.3 |      13 |      14 |  51.9
     Lair:4 |    8163 |    1419 |  14.8 |      26 |       2 |   7.1
     Lair:5 |    6367 |    1706 |  21.1 |      21 |       7 |  25.0
     Lair:6 |   13556 |    8848 |  39.5 |      44 |      25 |  36.2
   Spider:1 |   16400 |    1908 |  10.4 |      49 |       1 |   2.0
   Spider:2 |   19047 |    8294 |  30.3 |      58 |      18 |  23.7
   Spider:3 |   14326 |    1061 |   6.9 |      43 |       3 |   6.5
   Spider:4 |    9291 |    6633 |  41.7 |      20 |      16 |  44.4
      Orc:1 |    4575 |    7980 |  63.6 |      45 |      17 |  27.4
      Orc:2 |    2278 |    6477 |  74.0 |      24 |      20 |  45.5
      Sewer |       0 |     231 | 100.0 |       0 |      24 | 100.0
            +---------+---------+-------+---------+---------+-------
